 Dungeon Crawl Stone Soup version 0.26-a0-507-g0ae5976 (webtiles) character file.

Game seed: 16054389366750602220

196 smeego the Slasher (level 5, -1/36 HPs)
             Began as an Octopode Fighter on Aug 9, 2020.
             Succumbed to a scorpion's poison
             ... on level 4 of the Dungeon.
             The game lasted 00:03:05 (4232 turns).

smeego the Slasher (Octopode Fighter)               Turns: 4232, Time: 00:03:06

Health: -1/36      AC:  1    Str: 16    XL:     5   Next: 74%
Magic:  5/5        EV:  4    Int: 11    God:
Gold:   132        SH:  9    Dex: 11    Spells: 4/4 levels left

rFire    + + .     SeeInvis .   a - +1 long sword
rCold    . . .     Faith    .   b - +0 kite shield
rNeg     . . .     Spirit   .   (helmet restricted)
rPois    .         Reflect  .   (no amulet)
rElec    .         Harm     .   j - ring of protection from magic
rCorr    .                      d - -4 ring of evasion (curse)
MR       +....                  n - ring of stealth
Stlth    ++++......             o - ring of protection from fire
HPRegen  0.12/turn              p - -4 ring of evasion (curse)
MPRegen  0.09/turn              q - ring of protection from fire
                                (no ring)
                                (no ring)

@: lethally poisoned (-1 -> -16)
A: almost no armour, stealthy swim, amphibious, 8 rings, constrict 8, camouflage
1, gelatinous body 1
a: no special abilities


You were on level 4 of the Dungeon.
You visited 1 branch of the dungeon, and saw 4 of its levels.

You collected 132 gold pieces.

Inventory:

Hand Weapons
 a - a +1 long sword (weapon)
Armour
 b - a +0 kite shield (worn)
Jewellery
 d - a cursed -4 ring of evasion (right tentacle)
 j - a ring of protection from magic (left tentacle)
 n - a ring of stealth (on tentacle)
 o - a ring of protection from fire (on tentacle)
 p - a cursed -4 ring of evasion (on tentacle)
 q - a ring of protection from fire (on tentacle)
Scrolls
 f - a scroll of identify
 h - 2 scrolls of teleportation
 l - a scroll of enchant weapon
Potions
 c - a potion of might
 e - a potion of resistance
 g - 2 potions of flight
 i - 2 potions of degeneration
 k - a potion of cancellation
 m - a potion of lignification


   Skills:
 + Level 3.6 Fighting
 * Level 3.6 Long Blades
 + Level 3.5 Dodging
 + Level 2.5 Stealth
 + Level 3.4 Shields
 + Level 1.6 Unarmed Combat


You had 4 spell levels left.
You didn't know any spells.
Your spell library was empty.

Dungeon Overview and Level Annotations

Branches:
Dungeon (4/15)
 Temple: D:4-7

Altars:
Xom

Shops:
D:4 [

Portals:
Ossuary: D:4


Innate Abilities, Weirdness & Mutations

You cannot wear most types of armour.
You are very stealthy in the water. (Stealth+)
You are amphibious.
You can wear up to eight rings at the same time.
You can use your tentacles to constrict eight enemies at once.
Your skin changes colour to match your surroundings (Stealth+).
Your rubbery body absorbs attacks. (AC +1, EV +1)


Message History

You constrict the scorpion.
* * * LOW HITPOINT WARNING * * *
You feel sick. The scorpion stings you.
* * * LOW HITPOINT WARNING * * *
Unknown command.
Okay, then.
You slash the scorpion!
The scorpion is almost dead.
You constrict the scorpion.
You kill the scorpion!
* * * LOW HITPOINT WARNING * * *
You feel sick. The giant cockroach bites you.
* * * LOW HITPOINT WARNING * * *
The giant cockroach bites you.
* * * LOW HITPOINT WARNING * * *
You hit the giant cockroach. You grab the giant cockroach.
The giant cockroach is heavily wounded.
You constrict the giant cockroach.
You kill the giant cockroach!
You die...

.. .# .. ... .##.#
..##### #.. ....#
...#....###.##....#
..................##
#.....#........$....
#...>. #..........
#.....###..@.......
#......#..##......
#.#....##......
#.[...........
#.............
##.............
#............ .
##..##...##..
###.........#


There were no monsters in sight!

Vanquished Creatures
  A scorpion (D:4)
  A worker ant (D:4)
  3 adders
  2 oozes (D:2)
  2 worms
  3 dart slugs
  5 orcs (D:3)
  2 ball pythons
  7 giant cockroaches
  9 goblins
  7 hobgoblins
  7 kobolds
  3 quokkas
  6 bats
  7 frilled lizards
  A quokka skeleton (D:4)
  5 rats
71 creatures vanquished.

Notes
Turn   | Place    | Note
-------+----------+-------------------------------------------
     0 | D:1      | smeego the Octopode Fighter began the quest for the Orb.
     0 | D:1      | Reached XP level 1. HP: 16/16 MP: 1/1
   302 | D:1      | Reached XP level 2. HP: 16/21 MP: 2/2
   682 | D:1      | Found a shimmering altar of Xom.
   688 | D:1      | Reached XP level 3. HP: 26/26 MP: 3/3
  1230 | D:2      | Reached skill level 1 in Stealth
  1946 | D:2      | Reached XP level 4. HP: 31/31 MP: 4/4
  2015 | D:2      | Reached skill level 1 in Unarmed Combat
  3257 | D:3      | Reached XP level 5. HP: 29/36 MP: 5/5
  4182 | D:4      | Found Ruib's Antique Armour Emporium.
  4184 | D:4      | Found a sand-covered staircase.
  4231 | D:4      | HP: 1/36 [giant cockroach (2)]
  4232 | D:4      | Succumbed to a scorpion's poison

Illustrated notes

Levels and vault maps discovered:
D:1:      sevenhm_arrival_forest_fort_large_4, layout_loops_cross,
          xom_teletrap_fun
D:2:      layout_loops_corners, serial_forest, infiniplex_forest_lined_2,
          infiniplex_forest_end_1, infiniplex_forest_straight_4,
          infiniplex_forest_lined_3_way, infiniplex_forest_clump_medium,
          infiniplex_forest_end_1, infiniplex_forest_end_double, st_stairs_9
D:3:      layout_basic
D:4:      minmay_polygon_palace, layout_cave_pools, enter_ossuary_1,
          serial_shops, nicolae_shop_overgrown_old_shop, uniq_natasha

Skill      XL: |  1  2  3  4 |
---------------+-------------+-----
Stealth        | 1 2 |  2.5
Long Blades    | 3 |  3.6
Unarmed Combat | 1 |  1.6
Fighting       | |  3.6
Dodging        | |  3.5
Shields        | |  3.4

Action                   |  1- 3 |  4- 6 || total
-------------------------+-------+-------++-------
Melee: Long sword        |    57 |    62 ||   119
       Constrict         |    17 |    16 ||    33
       Tentacles         |    12 |    10 ||    22
       Punch             |       |     1 ||     1
  Use: Scroll            |     4 |     4 ||     8
       Potion            |       |     2 ||     2
 Stab: Sleeping          |    10 |    11 ||    21
Armor: Skin              |     5 |     1 ||     6
Dodge: Dodged            |    29 |    11 ||    40
Block: Kite shield       |    21 |    19 ||    40
       Rpst.: Long sword |    14 |     2 ||    16

Table legend: (Time is in decaauts)
 A = Elapsed time spent in this place.
 B = Non-inter-level travel time spent in this place.
 C = Inter-level travel time spent in this place.
 D = Time resting spent in this place.
 E = Time spent auto-exploring this place.
 F = Levels seen in this place.
 G = Mean time per level.
                   A        B        C        D        E       F      G
               +--------+--------+--------+--------+--------+-----+--------+
         Total |   4268 |   4176 |     92 |   1041 |   2615 |   4 | 1067.0 |
       Dungeon |   4268 |   4176 |     92 |   1041 |   2615 |   4 | 1067.0 |
               +--------+--------+--------+--------+--------+-----+--------+

Top non-repeatable levels by time:
     D:3: 1540 daAuts
     D:1: 1222 daAuts
     D:2: 1220 daAuts
     D:4: 285 daAuts
